 Dungeon Crawl Stone Soup version 0.22-a0-21-g9421e3f (webtiles) character file.

53 qqqbard the Skirmisher (level 3, -2/31 HPs)
             Began as a Centaur Fighter on Jan 2, 2018.
             Slain by Grinder (6 damage)
             ... on level 3 of the Dungeon.
             The game lasted 00:02:13 (1729 turns).

qqqbard the Skirmisher (Centaur Fighter)            Turns: 1729, Time: 00:02:13

Health: -2/31      AC:  6    Str: 24    XL:     3   Next: 62%
Magic:  0/3        EV:  5    Int:  7    God:
Gold:   109        SH:  8    Dex:  8    Spells: 2/2 levels left

rFire    . . .     SeeInvis .   a - +0 flail
rCold    . . .     Gourm    .   c - +0 shield
rNeg     . . .     Faith    .   b - +0 scale mail
rPois    .         Spirit   +   (no helmet)
rElec    .         Reflect  .   (no cloak)
rCorr    .         Harm     .   (no gloves)
MR       .....                  (no barding)
Stlth    ..........             p - amulet of guardian spirit
HPRegen  0.10/turn              (no ring)
MPRegen  0.08/turn              (no ring)

@: mighty, very quick
A: large, hooves 3, deformed body, speed 2, tough skin 3
a: no special abilities


You were on level 3 of the Dungeon.
You were hungry.

You visited 1 branch of the dungeon, and saw 3 of its levels.

You collected 109 gold pieces.

Inventory:

Hand Weapons
 a - a +0 flail (weapon)
Armour
 b - a +0 scale mail (worn)
 c - a +0 shield (worn)
Jewellery
 p - an amulet of guardian spirit (around neck)
 q - an uncursed amulet of faith
Scrolls
 e - a scroll of remove curse {unknown}
 g - 4 scrolls of identify
 j - a scroll of enchant armour {unknown}
 m - a scroll of amnesia {unknown}
 o - a scroll of fear {unknown}
Potions
 h - a potion of heal wounds {unknown}
 i - a potion of agility {unknown}
 k - a potion of haste {unknown}
 l - a potion of flight {unknown}
 n - a potion of resistance {unknown}
Comestibles
 f - 5 rations


   Skills:
 + Level 3.3 Fighting
 * Level 2.6 Maces & Flails
 * Level 2.7 Armour
 - Level 2.1 Shields


You had 2 spell levels left.
You didn't know any spells.

Dungeon Overview and Level Annotations

Branches:
Dungeon (3/15)

Altars:

Annotations:
D:3 Grinder


Innate Abilities, Weirdness & Mutations

You have hooves in place of feet.
Armour fits poorly on your strangely shaped body.
You cover ground very quickly.
You have extremely tough skin. (AC +3)


Message History

Grinder hits you but does no damage.
You closely miss Grinder. Your kick misses Grinder.
Grinder is moderately wounded.
Grinder hits you.
You writhe in agony.
Grinder gestures at you.
You suddenly lose the ability to move!
Grinder blinks! x2
You can move again.
Unknown command.
You feel very mighty all of a sudden.
You closely miss Grinder. You kick Grinder!
Grinder is heavily wounded.
Grinder gestures at you.
You shrug off the repeated paralysis!
You closely miss Grinder.
Grinder is heavily wounded.
Grinder hits you. x2
* * * LOW HITPOINT WARNING * * *
You writhe in agony.
You die...

#.######.# #.....##.#
#.###.##.# ##+#
####.###<##.# ##...##
#.......>...#
##.....###.######..###
##.......##.###.##..#
#........)#.##...#..#
+......@..'.........#
#.<....5..#.##...##.#
##.......##.###.###.#
##.....###.........#
##...## #####.#####
##+# #.# #.# #.# #.#


You could see Grinder.

Vanquished Creatures
  An adder (D:2)
  A worm (D:2)
  A dart slug (D:2)
  3 leopard geckos
  2 ball pythons (D:2)
  A giant cockroach (D:2)
  5 goblins
  3 hobgoblins
  6 kobolds
  6 bats
  A frilled lizard (D:1)
  4 rats
34 creatures vanquished.

Notes
Turn   | Place    | Note
-------+----------+-------------------------------------------
     0 | D:1      | qqqbard the Centaur Fighter began the quest for the Orb.
     0 | D:1      | Reached XP level 1. HP: 19/19 MP: 1/1
   338 | D:1      | Reached XP level 2. HP: 22/26 MP: 2/2
   965 | D:2      | Reached XP level 3. HP: 27/31 MP: 1/3
  1708 | D:3      | Noticed Grinder
  1723 | D:3      | Paralysed by Grinder for 3 turns
  1729 | D:3      | Slain by Grinder

Vault maps used:
D:1:      dpeg_arrival_yet_another_circle
D:3:      first_ration, uniq_grinder

Skill      XL: |  1 |
---------------+----+-----
Maces & Flails | 2 |  2.6
Fighting       | |  3.3
Armour         | |  2.7
Shields        | |  2.1

Action                   || total
-------------------------++-------
Melee: Flail             ||   132
       Kick              ||    19
  Use: Scroll            ||     2
       Potion            ||     1
  Eat: Chunk             ||     1
Armor: Scale mail        ||    72
Dodge: Dodged            ||    34
Block: Shield            ||    73

Table legend:
 A = Spawn XP
 B = Non-spawn XP
 C = Spawn XP percentage of total XP
 D = Spawn monster count
 E = Non-spawn monster count
 F = Spawn count percentage of total count
 G = Total turns spent on level
                    A         B        C        D         E        F      G
               +---------+---------+-------+---------+---------+-------+---------
         Total |       0 |      76 |   0.0 |       0 |      34 |   0.0 |  1729
               +---------+---------+-------+---------+---------+-------+---------
           D:1 |       0 |      29 |   0.0 |       0 |      16 |   0.0 |   799
           D:2 |       0 |      46 |   0.0 |       0 |      17 |   0.0 |   875
           D:3 |       0 |       1 |   0.0 |       0 |       1 |   0.0 |    55
               +---------+---------+-------+---------+---------+-------+---------
